 Dungeon Sprint DCSS version 0.23.0 (webtiles) character file.

Game seed: 1955785661651280877

633 nuthulu the Grappler (level 7, -3/126 HPs)
             Began as a Troll Berserker on Feb 11, 2019.
             Was a Priest of Trog.
             Succumbed to Sonja's poison
             ... in the Dungeon (Sprint I: "Red Sonja").
             The game lasted 00:01:33 (276 turns).

nuthulu the Grappler (Troll Berserker)               Turns: 276, Time: 00:01:34

Health: -3/126     AC:  6    Str: 31    XL:     7   Next: 24%
Magic:  6/6        EV: 10    Int:  3    God:    Trog [***...]
Gold:   297        SH:  0    Dex: 11    Spells: 6/6 levels left

rFire    . . .     SeeInvis .     - Unarmed
rCold    . . .     Gourm    +   (no shield)
rNeg     . . .     Faith    .   a - +0 animal skin
rPois    .         Spirit   .   (helmet restricted)
rElec    .         Reflect  .   (no cloak)
rCorr    .         Harm     .   (gloves unavailable)
MR       .....     NoTele   +   (boots unavailable)
Stlth    ..........             (no amulet)
HPRegen  0.71/turn              (no ring)
MPRegen  0.10/turn              (no ring)

@: berserking (expiring), lethally poisoned (-3 -> -94), slowed
A: large, unfitting armour, claws 3, fast metabolism 3, gourmand, regeneration
1, shaggy fur 1, tough skin 3
a: Berserk, Trog's Hand, Renounce Religion


You were in the Dungeon.
You worshipped Trog.
Trog was most pleased with you.
You were not hungry.

You visited 1 branch You collected 297 gold pieces.

Inventory:

Armour
 a - a +0 animal skin (worn)
Scrolls
 h - a scroll of blinking
Potions
 d - a potion of heal wounds
 e - a potion of haste
 f - 2 potions of magic
 g - a potion of berserk rage
Comestibles
 b - 2 rations


   Skills:
 + Level 9.7 Fighting
 - Level 2.4 Dodging
 + Level 11.4 Unarmed Combat


You had 6 spell levels left.
You didn't know any spells.
Your spell library was empty.

Dungeon Overview and Level Annotations

Branches:
Dungeon (1/1)

Altars:
Cheibriados
Dithmenos
Elyvilon
Fedhas
Gozag
Hepliaklqana
Kikubaaqudgha
Makhleb
Nemelex Xobeh
Okawaru
Qazlal
Ru
Sif Muna
Trog
Uskayaw
Vehumet
Wu Jian
Xom
Yredelemnul
Zin
The Shining One
Jiyva
Lugonu

Shops:
D :

Annotations:
D Sonja


Innate Abilities, Weirdness & Mutations

You are too large for most types of armour.
You have claws for hands.
Your metabolism is lightning-fast.
You like to eat raw meat.
Your natural rate of healing is unusually fast.
You are covered in fur. (AC +1)
You have extremely tough skin. (AC +3)


Message History

Sonja unwields a +0 blowgun.
Sonja wields a +0 short sword of venom.
It begins to drip with poison!
Sonja closely misses you. Sonja hits you but does no damage.
You are more poisoned.
Sonja barely misses you.
You miss Sonja.
Sonja is moderately wounded.
* * * LOW HITPOINT WARNING * * *
You feel very sick.
Sonja hits you with a +0 short sword of venom.
* * * LOW HITPOINT WARNING * * *
You are more poisoned.
Sonja hits you but does no damage.
You are more poisoned.
Sonja hits you but does no damage.
Unknown command.
Unknown command.
You barely miss Sonja.
Sonja is lightly wounded.
You die...

#..').#..').#..+..+,,*,,,**+*
#..#####'#####'#__#***,,,+,,*
#..####..#...#.####,,*****,,+
#..#__####.(##)#§§≈,,*,,**+**
#..#_____##'#_.+§§≈,,+,,*,,,,
#⌠⌠#_.∩..÷'..._#≈§§,,*,,*,,,,
####_..__##_.#+#*+#****+***,,
*,,#_____###(#,*,,,,***,+,*,,
***#######*#@#***+***,***,*,,
*∩,,,,,,,,+$K$+,,,,,+,∩**,*,,
***++++***#$.$#**********,**+
*,,,,,,,**##.##*,,,,,,,**,**,
*,,,,,,,,*,#+#,*,,,,,,,,+,***
*,,*,,,,,*,,,,,*+++******,*,,
*,,,,,,,,*,,,,,*,,,,,,,,*,***
*,,,,,*,,*******,,,,,,,*+,*,,
*,,,,,,,,**,,,,,,,,,,,≈****,,


You could see Sonja.

Vanquished Creatures
  A slime creature (D)
  Sigmund (D)
  A yak (D)
  An ogre (D)
  A jelly (D)
  Ijyb (D)
6 creatures vanquished.

Notes
Turn   | Place    | Note
-------+----------+-------------------------------------------
     0 | D        | nuthulu the Troll Berserker began the quest for the Orb.
     0 | D        | Reached XP level 1. HP: 22/22 MP: 0/0
     1 | D        | Noticed Ijyb
    17 | D        | Killed Ijyb
    17 | D        | Reached skill level 5 in Unarmed Combat
    17 | D        | Reached XP level 2. HP: 28/32 MP: 1/1
    25 | D        | Noticed an ogre
    31 | D        | Killed an ogre
    31 | D        | Reached skill level 5 in Fighting
    31 | D        | Reached skill level 7 in Unarmed Combat
    31 | D        | Reached XP level 3. HP: 25/44 MP: 2/2
    31 | D        | Reached XP level 4. HP: 29/52 MP: 3/3
    71 | D        | Noticed Sigmund
    75 | D        | Killed Sigmund
    75 | D        | Reached ** piety under Trog
    75 | D        | Reached skill level 9 in Unarmed Combat
    75 | D        | Reached XP level 5. HP: 63/63 MP: 4/4
    75 | D        | Reached XP level 6. HP: 72/72 MP: 5/5
   138 | D        | Found an ornate altar of the Wu Jian Council.
   138 | D        | Found a deep blue altar of Sif Muna.
   140 | D        | Found a radiant altar of Vehumet.
   165 | D        | Found Zaloitih's Book Emporium.
   165 | D        | Found an ancient bone altar of Kikubaaqudgha.
   165 | D        | Found a stormy altar of Qazlal.
   165 | D        | Found a blossoming altar of Fedhas.
   165 | D        | Found a bloodstained altar of Trog.
   165 | D        | Found an iron altar of Okawaru.
   165 | D        | Found a glowing golden altar of the Shining One.
   165 | D        | Found a glowing silver altar of Zin.
   165 | D        | Found a white marble altar of Elyvilon.
   165 | D        | Noticed a yak
   166 | D        | Found a hazy altar of Hepliaklqana.
   166 | D        | Found a hide-covered altar of Uskayaw.
   166 | D        | Found a basalt altar of Yredelemnul.
   166 | D        | Found an opulent altar of Gozag.
   166 | D        | Found a snail-covered altar of Cheibriados.
   166 | D        | Found a sacrificial altar of Ru.
   166 | D        | Found a shadowy altar of Dithmenos.
   174 | D        | Killed a yak
   174 | D        | Reached skill level 10 in Unarmed Combat
   175 | D        | Found a sparkling altar of Nemelex Xobeh.
   195 | D        | Found a viscous altar of Jiyva.
   195 | D        | Found a corrupted altar of Lugonu.
   195 | D        | Noticed a slime creature
   196 | D        | Found a burning altar of Makhleb.
   196 | D        | Found a shimmering altar of Xom.
   203 | D        | Killed a slime creature
   203 | D        | Reached *** piety under Trog
   203 | D        | Reached skill level 11 in Unarmed Combat
   203 | D        | Reached XP level 7. HP: 52/84 MP: 6/6
   261 | D        | Noticed Sonja
   275 | D        | HP: 2/126 [Sonja/+0 short sword of venom (5)]
   276 | D        | Succumbed to Sonja's poison

Skill      XL: |  1  2  3  4  5  6 |
---------------+-------------------+-----
Fighting       | 4 5 7 9 |  9.7
Unarmed Combat | 5 7 9 11 | 11.4
Dodging        | |  2.4

Action                   |  1- 3 |  4- 6 |  7- 9 || total
-------------------------+-------+-------+-------++-------
Melee: Unarmed           |    20 |    18 |     7 ||    45
Invok: Berserk           |       |     1 |     1 ||     2
  Use: Scroll            |       |     1 |       ||     1
       Potion            |       |       |     1 ||     1
  Eat: Chunk             |     1 |     2 |       ||     3
Armor: Animal skin       |     5 |     2 |    11 ||    18
Dodge: Dodged            |     7 |     3 |     7 ||    17
